TOP OF THE 1ST |
Pensacola Blue Wahoos batting - Pitching for San Antonio Missions : RHP Andy Dunmire
|
Pitching: RHP Andy Dunmire
|
|
Batting: RHB Solange Le Coq
|
0-0: Swinging Strike 0-1: Ground out 5-3 (Groundball, 56S, EV 81.9 MPH)
|
Batting: RHB Tim Wormell
|
0-0: Foul Ball, location: 2F 0-1: Called Strike 0-2: Ball 1-2: Strikes out swinging
|
Batting: RHB Joseph Kirchmann
|
0-0: Foul Ball, location: 2F 0-1: Swinging Strike 0-2: Strikes out swinging, 2-3 out at first.
|
Top of the 1st over - 0 runs, 0 hits, 0 errors, 0 left on base; Pensacola 0 - San Antonio 0 |
BOTTOM OF THE 1ST |
San Antonio Missions batting - Pitching for Pensacola Blue Wahoos : LHP Katsusuke Suyama
|
Pitching: LHP Katsusuke Suyama
|
|
Batting: LHB Tsutomu Miyahara
|
0-0: SINGLE (Groundball, 13S, EV 63.8 MPH) (infield hit)
|
Batting: LHB Ben Antal
|
0-0: Ball 1-0: Called Strike 1-1: Called Strike 1-2: Fly out, F8 (Line Drive, 8RD, EV 103.1 MPH)
|
Batting: RHB Kyle Davis
|
0-0: Ball 1-0: Ball Tsutomu Miyahara steals 2nd base (no throw) 2-0: Called Strike 2-1: Swinging Strike 2-2: Strikes out swinging
|
Batting: LHB Conrad Taylor
|
0-0: Swinging Strike 0-1: SINGLE (Line Drive, 78S, EV 95.6 MPH) Tsutomu Miyahara to third Runner from 3rd tries for Home, throw by LF and OUT! 7-2
|
Bottom of the 1st over - 0 runs, 2 hits, 0 errors, 1 left on base; Pensacola 0 - San Antonio 0 |
TOP OF THE 2ND |
Pensacola Blue Wahoos batting - Pitching for San Antonio Missions : RHP Andy Dunmire
|
Batting: RHB David Clough
|
0-0: Ball 1-0: Ball 2-0: Called Strike 2-1: Fly out, F7 (Flyball, 78XD, EV 88.8 MPH)
|
Batting: RHB Jon Marquez
|
0-0: Ball 1-0: SINGLE (Groundball, 6D, EV 105.6 MPH)
|
Batting: RHB Pedro Pinero
|
0-0: Ball Wild Pitch! Jon Marquez to second 1-0: Ball 2-0: Foul Ball, location: 2F 2-1: Foul Ball, location: 2F 2-2: Ball 3-2: Base on Balls
|
Batting: LHB Manny Ruvalcaba
|
0-0: Called Strike Jon Marquez steals 3rd base 0-1: Ball 1-1: Called Strike 1-2: Strikes out swinging
|
Batting: RHB Chris Holland
|
0-0: Ball 1-0: Fly out, F9 (Flyball, 9D, EV 102.5 MPH)
|
Top of the 2nd over - 0 runs, 1 hit, 0 errors, 2 left on base; Pensacola 0 - San Antonio 0 |
BOTTOM OF THE 2ND |
San Antonio Missions batting - Pitching for Pensacola Blue Wahoos : LHP Katsusuke Suyama
|
Batting: RHB Scott Schwartz
|
0-0: Called Strike 0-1: Ball 1-1: Ball 2-1: Foul Ball, location: 2F 2-2: Strikes out swinging
|
Batting: SHB Curtis Thompson
|
0-0: Ball 1-0: Foul Ball, location: 2F 1-1: Ground out U3 (Groundball, 34, EV 102.5 MPH)
|
Batting: LHB Javy Portela
|
0-0: Called Strike 0-1: Ball 1-1: Called Strike 1-2: Ground out U3 (Groundball, 3S, EV 81.2 MPH)
|
Bottom of the 2nd over - 0 runs, 0 hits, 0 errors, 0 left on base; Pensacola 0 - San Antonio 0 |
TOP OF THE 3RD |
Pensacola Blue Wahoos batting - Pitching for San Antonio Missions : RHP Andy Dunmire
|
Batting: LHB James Himes
|
0-0: Ground out 4-3 (Groundball, 4MD, EV 101.9 MPH)
|
Batting: RHB Solange Le Coq
|
0-0: Called Strike 0-1: Called Strike 0-2: Ball 1-2: Foul Ball, location: 2F 1-2: Ball 2-2: Ground out 5-3 (Groundball, 56S, EV 80.0 MPH)
|
Batting: RHB Tim Wormell
|
0-0: Ground out 4-3 (Groundball, 34, EV 82.5 MPH)
|
Top of the 3rd over - 0 runs, 0 hits, 0 errors, 0 left on base; Pensacola 0 - San Antonio 0 |
BOTTOM OF THE 3RD |
San Antonio Missions batting - Pitching for Pensacola Blue Wahoos : LHP Katsusuke Suyama
|
Batting: LHB Josh Slusarczyk
|
0-0: Ball 1-0: Ball 2-0: Ball 3-0: Foul Ball, location: 2F 3-1: Base on Balls
|
Batting: LHB Alejandro Matos
|
0-0: Ball 1-0: Called Strike 1-1: Ball 2-1: Ball 3-1: Fly out, F7 (Flyball, 7LM, EV 80.0 MPH)
|
Batting: LHB Tsutomu Miyahara
|
0-0: Ball 1-0: DOUBLE (Line Drive, 7LM, EV 108.8 MPH) Josh Slusarczyk to third
|
Batting: LHB Ben Antal
|
0-0: Ball 1-0: Foul Ball, location: 2F 1-1: Ball 2-1: Called Strike 2-2: Ground out 4-3 (Groundball, 4, EV 88.1 MPH) Josh Slusarczyk scores Tsutomu Miyahara to third
|
Batting: RHB Kyle Davis
|
0-0: Ball 1-0: Foul Ball, location: 2F 1-1: SINGLE (Groundball, 56D, EV 94.4 MPH) Tsutomu Miyahara scores
|
Batting: LHB Conrad Taylor
|
0-0: Ground out 6-3 (Groundball, 56D, EV 100.6 MPH)
|
Bottom of the 3rd over - 2 runs, 2 hits, 0 errors, 1 left on base; Pensacola 0 - San Antonio 2 |
TOP OF THE 4TH |
Pensacola Blue Wahoos batting - Pitching for San Antonio Missions : RHP Andy Dunmire
|
Batting: RHB Joseph Kirchmann
|
0-0: Swinging Strike 0-1: Ground out 6-3 (Groundball, 6S, EV 83.8 MPH)
|
Batting: RHB David Clough
|
0-0: Foul Ball, location: 2F 0-1: SINGLE (Groundball, 56D, EV 96.9 MPH)
|
Batting: RHB Jon Marquez
|
0-0: Ball 1-0: Ground out 5-3 (Groundball, 56, EV 98.1 MPH) David Clough to second
|
Batting: RHB Pedro Pinero
|
0-0: Swinging Strike 0-1: Foul Ball, location: 2F 0-2: Strikes out swinging
|
Top of the 4th over - 0 runs, 1 hit, 0 errors, 1 left on base; Pensacola 0 - San Antonio 2 |
BOTTOM OF THE 4TH |
San Antonio Missions batting - Pitching for Pensacola Blue Wahoos : LHP Katsusuke Suyama
|
Batting: RHB Scott Schwartz
|
0-0: Ball 1-0: Ball 2-0: Ball 3-0: Base on Balls
|
Batting: SHB Curtis Thompson
|
0-0: Ball 1-0: Called Strike 1-1: Ball 2-1: Swinging Strike 2-2: Fielders Choice at 2nd, 6-4 (Groundball, 6, EV 80.6 MPH)
|
Batting: LHB Javy Portela
|
0-0: Called Strike 0-1: Ball 1-1: Ball 2-1: Called Strike 2-2: 2-RUN HOME RUN (Flyball, 8RXD, EV 112.5 MPH), Distance : 441 ft
|
Batting: LHB Josh Slusarczyk
|
0-0: Ball 1-0: Called Strike 1-1: Fly out, F7 (Flyball, 7S, EV 68.1 MPH)
|
Batting: LHB Alejandro Matos
|
0-0: Called Strike 0-1: Foul Ball, location: 2F 0-2: Ground out 5-3 (Groundball, 56, EV 81.2 MPH)
|
Bottom of the 4th over - 2 runs, 1 hit, 0 errors, 0 left on base; Pensacola 0 - San Antonio 4 |
TOP OF THE 5TH |
Pensacola Blue Wahoos batting - Pitching for San Antonio Missions : RHP Andy Dunmire
|
Batting: LHB Manny Ruvalcaba
|
0-0: Foul Ball, location: 2F 0-1: Fly out, F8 (Line Drive, 8RD, EV 90.0 MPH)
|
Batting: RHB Chris Holland
|
0-0: Ball 1-0: Ball 2-0: Ball 3-0: SINGLE (Groundball, 3D, EV 103.8 MPH)
|
Batting: LHB James Himes
|
0-0: Foul Ball, location: 2F 0-1: Ball 1-1: Called Strike 1-2: Ball 2-2: Strikes out swinging
|
Batting: RHB Solange Le Coq
|
0-0: Called Strike 0-1: Ball 1-1: Ball 2-1: Ground out 5-3 (Groundball, 56, EV 105.0 MPH)
|
Top of the 5th over - 0 runs, 1 hit, 0 errors, 1 left on base; Pensacola 0 - San Antonio 4 |
BOTTOM OF THE 5TH |
San Antonio Missions batting - Pitching for Pensacola Blue Wahoos : LHP Katsusuke Suyama
|
Batting: LHB Tsutomu Miyahara
|
0-0: Fly out, F8 (Flyball, 89D, EV 91.9 MPH)
|
Batting: LHB Ben Antal
|
0-0: Ball 1-0: Ball 2-0: Foul Ball, location: 2F 2-1: Called Strike 2-2: Foul Ball, location: 2F 2-2: Foul Ball, location: 2F 2-2: Ball 3-2: Foul Ball, location: 2F 3-2: Foul Ball, location: 2F 3-2: Base on Balls
|
Batting: RHB Kyle Davis
|
0-0: Ball 1-0: Called Strike 1-1: Ball 2-1: Ball 3-1: Base on Balls Ben Antal to second
|
Batting: LHB Conrad Taylor
|
0-0: SINGLE (Line Drive, 56D, EV 103.8 MPH) Ben Antal to third Kyle Davis to second
|
Batting: RHB Scott Schwartz
|
0-0: Fielders Choice at 2nd, 5-4 (Groundball, 56, EV 85.0 MPH) Ben Antal scores Kyle Davis to third
|
Batting: SHB Curtis Thompson
|
0-0: Hit by Pitch Scott Schwartz to second
|
Pitching: RHP Marcus Jackson
|
|
Batting: LHB Javy Portela
|
0-0: Ball 1-0: Ground out 2-3 (Groundball, 15S, EV 69.4 MPH)
|
Bottom of the 5th over - 1 run, 1 hit, 0 errors, 3 left on base; Pensacola 0 - San Antonio 5 |
TOP OF THE 6TH |
Pensacola Blue Wahoos batting - Pitching for San Antonio Missions : RHP Andy Dunmire
|
Batting: RHB Tim Wormell
|
0-0: Ball 1-0: Foul Ball, location: 2F 1-1: Hit by Pitch
|
Batting: RHB Joseph Kirchmann
|
0-0: Fielders Choice at 2nd, 4-6 (Groundball, 13, EV 91.9 MPH)
|
Batting: RHB David Clough
|
0-0: Ball 1-0: Ball 2-0: Called Strike 2-1: Ball 3-1: SINGLE (Line Drive, 56D, EV 105.6 MPH) Joseph Kirchmann to second
|
Batting: RHB Jon Marquez
|
0-0: Ball 1-0: Grounds into double play, 5-4-3 (Groundball, 56, EV 86.9 MPH)
|
Top of the 6th over - 0 runs, 1 hit, 0 errors, 1 left on base; Pensacola 0 - San Antonio 5 |
BOTTOM OF THE 6TH |
San Antonio Missions batting - Pitching for Pensacola Blue Wahoos : RHP Marcus Jackson
|
Now at 3B: Steven Wamble
|
|
Batting: LHB Josh Slusarczyk
|
0-0: TRIPLE (Flyball, 9LD, EV 103.8 MPH)
|
Batting: LHB Alejandro Matos
|
0-0: Called Strike 0-1: Called Strike 0-2: Ball 1-2: Ball 2-2: Foul Ball, location: 2F 2-2: Ball 3-2: Strikes out looking
|
Batting: LHB Tsutomu Miyahara
|
0-0: Ball 1-0: Fly out, F4 (Line Drive, 4, EV 64.4 MPH)
|
Batting: LHB Ben Antal
|
0-0: Ball 1-0: Called Strike 1-1: SINGLE (Line Drive, 8RS, EV 101.9 MPH) Josh Slusarczyk scores
|
Batting: RHB Kyle Davis
|
0-0: Ball 1-0: Fly out, F3 (Popup, 23F, EV 90.6 MPH)
|
Bottom of the 6th over - 1 run, 2 hits, 0 errors, 1 left on base; Pensacola 0 - San Antonio 6 |
TOP OF THE 7TH |
Pensacola Blue Wahoos batting - Pitching for San Antonio Missions : RHP Andy Dunmire
|
Batting: RHB Pedro Pinero
|
0-0: Ball 1-0: Foul Ball, location: 2F 1-1: Swinging Strike 1-2: Ground out U3 (Groundball, 3, EV 96.2 MPH)
|
Batting: LHB Manny Ruvalcaba
|
0-0: SINGLE (Line Drive, 89M, EV 96.9 MPH)
|
Batting: RHB Chris Holland
|
0-0: Foul Ball, location: 2F 0-1: Called Strike 0-2: Ball 1-2: Ball 2-2: Ball 3-2: Foul Ball, location: 2F 3-2: Fielders Choice at 2nd, 6-4 (Groundball, 6D, EV 106.9 MPH)
|
Batting: LHB James Himes
|
0-0: Called Strike 0-1: Called Strike 0-2: Ball 1-2: Ground out 4-3 (Groundball, 4, EV 98.1 MPH)
|
Top of the 7th over - 0 runs, 1 hit, 0 errors, 1 left on base; Pensacola 0 - San Antonio 6 |
BOTTOM OF THE 7TH |
San Antonio Missions batting - Pitching for Pensacola Blue Wahoos : RHP Marcus Jackson
|
Batting: LHB Conrad Taylor
|
0-0: Called Strike 0-1: Ball 1-1: Ball 2-1: Ground out 5-3 (Groundball, 56, EV 85.6 MPH)
|
Batting: RHB Scott Schwartz
|
0-0: Called Strike 0-1: Swinging Strike 0-2: Strikes out swinging
|
Batting: SHB Curtis Thompson
|
0-0: Ball 1-0: Called Strike 1-1: Swinging Strike 1-2: Strikes out looking
|
Bottom of the 7th over - 0 runs, 0 hits, 0 errors, 0 left on base; Pensacola 0 - San Antonio 6 |
TOP OF THE 8TH |
Pensacola Blue Wahoos batting - Pitching for San Antonio Missions : RHP Andy Dunmire
|
Batting: RHB Solange Le Coq
|
0-0: Ball 1-0: Ball 2-0: Ball 3-0: Called Strike 3-1: Base on Balls
|
Pitching: RHP David Deon
|
|
Batting: LHB Steven Wamble
|
0-0: Ball 1-0: Ball 2-0: Called Strike 2-1: Ball 3-1: Foul Ball, location: 2F 3-2: Fly out, F7 (Flyball, 7LS, EV 77.5 MPH)
|
Batting: RHB Joseph Kirchmann
|
0-0: Ball 1-0: Ball 2-0: Fielders Choice at 2nd, 4-6 (Groundball, 34, EV 105.6 MPH)
|
Batting: RHB David Clough
|
0-0: Foul Ball, location: 2F 0-1: Swinging Strike 0-2: Hit by Pitch Joseph Kirchmann to second
|
Batting: RHB Jon Marquez
|
0-0: Fly out, F9 (Flyball, 89M, EV 86.9 MPH)
|
Top of the 8th over - 0 runs, 0 hits, 0 errors, 2 left on base; Pensacola 0 - San Antonio 6 |
BOTTOM OF THE 8TH |
San Antonio Missions batting - Pitching for Pensacola Blue Wahoos : RHP Marcus Jackson
|
Pitching: RHP Brett Cooke
|
|
Batting: LHB Javy Portela
|
0-0: Called Strike 0-1: Ball 1-1: Swinging Strike 1-2: Foul Ball, location: 2F 1-2: Foul Ball, location: 2F 1-2: Foul Ball, location: 2F 1-2: Strikes out looking
|
Batting: LHB Josh Slusarczyk
|
0-0: Called Strike 0-1: SOLO HOME RUN (Flyball, 9D, EV 98.8 MPH), Distance : 375 ft
|
Batting: LHB Alejandro Matos
|
0-0: Ball 1-0: Foul Ball, location: 2F 1-1: Fly out, F9 (Flyball, 9, EV 88.1 MPH)
|
Batting: LHB Tsutomu Miyahara
|
0-0: Ball 1-0: Ball 2-0: Ball 3-0: Foul Ball, location: 2F 3-1: Swinging Strike 3-2: Base on Balls
|
Batting: LHB Ben Antal
|
0-0: Ball 1-0: Called Strike Tsutomu Miyahara steals 2nd base (no throw) 1-1: SINGLE (Flyball, 3D, EV 96.9 MPH) Tsutomu Miyahara to third Runner from 3rd tries for Home, SAFE, throw by RF to home
|
Batting: RHB Kyle Davis
|
0-0: Called Strike 0-1: Called Strike 0-2: Strikes out looking
|
Bottom of the 8th over - 2 runs, 2 hits, 0 errors, 1 left on base; Pensacola 0 - San Antonio 8 |
TOP OF THE 9TH |
Pensacola Blue Wahoos batting - Pitching for San Antonio Missions : RHP David Deon
|
Pinch Hitting: SHB Jared Thomas
|
0-0: Ball 1-0: Ball 2-0: Ball 3-0: Base on Balls
|
Pinch Hitting: RHB Tony Diaz
|
0-0: Swinging Strike 0-1: Ball 1-1: Fly out, F3 (Flyball, 3D, EV 83.1 MPH)
|
Batting: RHB Chris Holland
|
0-0: Ball 1-0: Ball 2-0: Swinging Strike 2-1: Called Strike 2-2: Strikes out looking
|
Batting: LHB James Himes
|
0-0: Ground out 6-3 (Groundball, 56, EV 106.2 MPH)
|
Top of the 9th over - 0 runs, 0 hits, 0 errors, 1 left on base; Pensacola 0 - San Antonio 8 |
|